 Dungeon Crawl Stone Soup version 0.19-a0-517-gd6a9987 (webtiles) character file.

245 Skanax the Grave Robber (level 5, -2/39 HPs)
             Began as a Deep Dwarf Necromancer on June 6, 2016.
             Killed by nerve-wracking pain
             ... invoked by an orc priest
              (7 damage)
             ... on level 4 of the Dungeon.
             The game lasted 00:27:46 (3828 turns).

Skanax the Grave Robber (Deep Dwarf Necromancer)    Turns: 3828, Time: 00:27:47

Health: -2/39      AC:  7    Str: 11    XL:     5   Next: 84%
Magic:  0/9        EV: 13    Int: 17    God:
Gold:   155        SH:  0    Dex: 13    Spells: 4 memorised, 2 levels left

rFire  + . .     SeeInvis .     e - +0 short sword
rCold  . . .     Gourm    .     a - +0 robe
rNeg   . . .     Faith    .     (no shield)
rPois  .         Spirit   .     (helmet restricted)
rElec  .         Dismiss  .     p - +0 cloak
rCorr  .         Reflect  .     u - +0 pair of gloves
SustAt .         Harm     .     v - +2 pair of boots
MR     .....                    t - amulet of rage
Stlth  +++.......               f - ring of protection from fire
                                k - ring of stealth

@: non-regenerating, not resistant to hostile enchantments, fairly stealthy
A: damage resistance, recharge devices, horns 1, icy blue scales 1, blurry
vision 1, deformed body, frail 1, sense surroundings 1, slow regeneration 3
a: Device Recharging, Evoke Berserk Rage


You were on level 4 of the Dungeon.
You were not hungry.

You visited 1 branch of the dungeon, and saw 4 of its levels.

You collected 155 gold pieces.

Inventory:

Hand Weapons
 e - a +0 short sword (weapon)
Armour
 a - a +0 robe (worn)
 p - a +0 cloak (worn)
 s - a +0 helmet
 u - a +0 pair of gloves (worn)
 v - a +2 pair of boots (worn)
Jewellery
 f - a ring of protection from fire (right hand)
 i - an uncursed ring of protection from cold
 k - a ring of stealth (left hand)
 n - an uncursed ring of stealth
 t - an amulet of rage (around neck)
Wands
 c - a wand of heal wounds (5/9)
Scrolls
 j - a scroll of teleportation
 l - 2 scrolls of random uselessness
 q - 3 scrolls of blinking
 r - a scroll of identify
 x - 3 scrolls of fear
Potions
 z - a potion of flight
Books
 b - a book of Necromancy

   Spells                             Type                      Level
   a - Pain                           Necromancy                   1
   b - Animate Skeleton               Necromancy                   1
   c - Vampiric Draining              Necromancy                   3
   d - Regeneration                   Charms/Necromancy            3
   e - Animate Dead                   Necromancy                   4
   f - Control Undead                 Necromancy                   4
Comestibles
 d - a bread ration
 g - a royal jelly
 h - 2 beef jerkies
 m - 2 meat rations


   Skills:
 + Level 1.1 Fighting
 + Level 3.7 Dodging
 - Level 2.5 Stealth
 * Level 3.5 Spellcasting
 + Level 5.5 Necromancy


You had 2 spell levels left.
You knew the following spells:

 Your Spells              Type           Power        Failure   Level  Hunger
a - Pain                  Necr           ###.         1%          1    None
b - Animate Skeleton      Necr           N/A          1%          1    None
c - Vampiric Draining     Necr           ###.......   8%          3    ###....
d - Animate Dead          Necr           N/A          21%         4    ####...


Dungeon Overview and Level Annotations

Branches:
Dungeon (4/15)
 Temple: D:4-7

Altars:
Elyvilon


Innate Abilities, Weirdness & Mutations

You are resistant to damage.
You can recharge devices by infusing magical energy.
You passively map a small area around you.
You do not regenerate naturally.
You have a pair of small horns on your head.
You are partially covered in icy blue scales. (AC +1)
Scrolls take you a little longer to read.
Armour fits poorly on your strangely shaped body.
You are frail. (-10% HP)


Message History

The orc priest barely misses you.
Casting: Pain
Confirm with . or Enter, or press ? or * to list all spells.
Aiming: Pain
Press: ? - help, Shift-Dir - straight line, f/p - orc priest
Aim: an orc priest, wielding a hand axe and wearing a chain mail (severely wounded, chance to defeat MR: 80%)
The orc priest barely resists.
The orc priest hits you with a hand axe.
You barely miss the orc priest.
The orc priest is severely wounded.
The orc priest hits you with a hand axe!
You hit the orc priest.
The orc priest is severely wounded.
The orc priest hits you with a hand axe.
The orc priest calls down the wrath of Beogh upon you.
Beogh smites you!
* * * LOW HITPOINT WARNING * * *
The orc priest calls down the wrath of Beogh upon you.
Pain shoots through your body!
You die...

### ### #.# #.#
#.##########.#
#.....@..o{{.#
#.##########.#
###########.# #.#
...##.......# #o#
...##.......# #.#
...##.......# #o#
..###.......# #.#
..###.......# #.#
.Z#.........##########.#


You could see an orc priest.

Vanquished Creatures
  An orc priest (D:3)
  An orc wizard (D:3)
  5 adders
  2 oozes
  2 worms (D:3)
  A dart slug (D:3)
  4 giant geckos
  5 orcs
  7 bats
  7 giant cockroaches
  6 goblins
  7 hobgoblins
  17 jackals
  4 kobolds
  2 quokkas
  6 giant newts
  15 rats
92 creatures vanquished.

Vanquished Creatures (collateral kills)
  An adder (D:3)
  A worm (D:2)
  A giant gecko (D:3)
  4 orcs (D:3)
  A bat (D:3)
  A goblin (D:2)
  A hobgoblin (D:1)
  A jackal (D:2)
11 creatures vanquished.

Grand Total: 103 creatures vanquished

Notes
Turn   | Place    | Note
--------------------------------------------------------------
     0 | D:1      | Skanax the Deep Dwarf Necromancer began the quest for the Orb.
     0 | D:1      | Reached XP level 1. HP: 15/15 MP: 3/3
     2 | D:1      | Learned a level 1 spell: Animate Skeleton
   144 | D:1      | Gained mutation: Armour fits poorly on your strangely shaped body. [potion of mutation]
   144 | D:1      | Gained mutation: Scrolls take you a little longer to read. [potion of mutation]
   144 | D:1      | Gained mutation: You are partially covered in icy blue scales. (AC +1) [potion of mutation]
   228 | D:1      | Reached XP level 2. HP: 22/22 MP: 1/3
   567 | D:1      | Reached XP level 3. HP: 20/28 MP: 0/5
   699 | D:1      | Learned a level 3 spell: Vampiric Draining
  1471 | D:2      | Found a faded altar of an unknown god.
  1473 | D:2      | Found a white marble altar of Elyvilon.
  1589 | D:2      | Reached skill level 5 in Necromancy
  1681 | D:2      | Reached XP level 4. HP: 24/36 MP: 3/6
  2817 | D:3      | Reached XP level 5. HP: 30/43 MP: 0/8
  2913 | D:3      | Learned a level 4 spell: Animate Dead
  2941 | D:3      | Reached skill level 1 in Fighting
  3669 | D:4      | Gained mutation: You are frail. (-10% HP) [potion of mutation]
  3669 | D:4      | Gained mutation: You have a pair of small horns on your head. [potion of mutation]
  3828 | D:4      | Killed from afar by an orc priest

Vault maps used:
D:1:      dpeg_arrival_solitude, st_stairs_6
D:2:      nicolae_overflow_crystal_walls, ecumenical_altar_2,
          minmay_statues_item
D:3:      grunt_ministairs_11
D:4:      first_bread

Skill      XL: |  1  2  3  4  5 |
---------------+----------------+-----
Spellcasting   | 2 3 |  3.5
Dodging        | 3 |  3.7
Necromancy     | 5 |  5.5
Fighting       | 1 |  1.1
Stealth        | |  2.5

Action                   |  1- 3 |  4- 6 || total
-------------------------+-------+-------++-------
Melee: Unarmed           |    48 |       ||    48
       Short sword       |    15 |    61 ||    76
       Headbutt          |       |     1 ||     1
 Cast: Pain              |    66 |    85 ||   151
       Animate Skeleton  |    20 |    24 ||    44
       Vampiric Draining |     3 |    13 ||    16
       Animate Dead      |       |     3 ||     3
 Abil: Device Recharging |     1 |       ||     1
Evoke: Wand              |     1 |     4 ||     5
  Use: Potion            |     4 |     6 ||    10
       Scroll            |     5 |     6 ||    11
  Eat: Chunk             |     4 |     7 ||    11
       Beef jerky        |       |     1 ||     1
Armor: Robe              |    19 |    27 ||    46
Dodge: Dodged            |    60 |    63 ||   123
